 Dungeon Crawl Stone Soup version 0.28.0 (webtiles) character file.

Game seed: 17462281032510320055

310 a3don the Skirmisher (level 6, 0/47 HPs)
             Began as a Djinni Hedge Wizard on Feb 15, 2022.
             Slain by Grinder (6 damage)
             ... while paralysed by Grinder
             ... on level 4 of the Dungeon.
             The game lasted 00:09:52 (6574 turns).

a3don the Skirmisher (Djinni Hedge Wizard)          Turns: 6574, Time: 00:09:53

Health: 0/47       AC:  2    Str:  9    XL:     6   Next: 69%
Gold:   211        EV:  2    Int: 17    God:
                   SH:  0    Dex: 13

rFire   + + .      SeeInvis +   a - +0 dagger
rCold   x . .      Faith    .   (no shield)
rNeg    . . .      Spirit   .   b - +0 robe
rPois   ∞          Reflect  .   c - +0 hat
rElec   .          Harm     .   (no cloak)
rCorr   .          Rampage  .   (no gloves)
Will    .....                   (boots unavailable)
Stlth   ++........              (no amulet)
HPRegen 0.15/turn               d - ring of see invisible
MPRegen 0.00/turn               (no ring)

@: paralysed, flying
A: sickness immunity, fire resistance 2, cold vulnerability 1, float, innate
caster, HP casting, extra vitality 1
a: no special abilities


You were on level 4 of the Dungeon.
You visited 1 branch of the dungeon, and saw 4 of its levels.

You collected 211 gold pieces.

Inventory:

Hand Weapons
 a - a +0 dagger (weapon)
 r - a +1 dagger of distortion
 w - a +0 short sword
Missiles
 j - 8 sling bullets
 k - 60 stones
 l - 8 poisoned darts
Armour
 b - a +0 robe (worn)
 c - a +0 hat (worn)
Jewellery
 d - a ring of see invisible (left hand)
Wands
 q - a wand of polymorph (8)
 u - a wand of iceblast (5)
Scrolls
 e - a scroll of fog {unknown}
 f - a scroll of enchant armour {unknown}
 g - 2 scrolls of identify {unknown}
 n - a scroll of fear {unknown}
 o - a scroll of vulnerability {unknown}
 x - a scroll of enchant weapon {unknown}
Potions
 h - a potion of ambrosia {unknown}
 i - a potion of might {unknown}
 m - a potion of attraction {unknown}
 p - a potion of brilliance {unknown}
 s - a potion of flight {unknown}
 t - a potion of mutation {unknown}
 v - a potion of curing {unknown}


   Skills:
 + Level 4.2 Fighting
 - Level 2.1 Dodging
 - Level 1.5 Stealth
 + Level 4.1 Spellcasting


You couldn't memorise any spells.
You knew the following spells:

 Your Spells              Type           Power      Damage    Failure   Level
a - Magic Dart            Conj           68%        1d6       2%          1
b - Blink                 Tloc           34%        N/A       4%          2
c - Call Imp              Summ           17%        N/A       4%          2
d - Slow                  Hex            68%        N/A       2%          1
e - Conjure Flame         Conj/Fire      17%        6-21      9%          3
f - Mephitic Cloud        Conj/Pois/Air  17%        N/A       9%          3
g - Shock                 Conj/Air       68%        1d7       2%          1
h - Static Discharge      Conj/Air       17%        N/A       4%          2
Your spell library was empty.

Dungeon Overview and Level Annotations

Branches:
Dungeon (4/15)             Temple (0/1) D:4

Altars:
Cheibriados
Dithmenos
Gozag
Okawaru
Sif Muna
The Shining One

Annotations:
D:4 Grinder


Innate Abilities, Weirdness & Mutations

You are immune to sickness and miasma.
You are immune to poison.
Your flesh is very heat resistant. (rF++)
You are vulnerable to cold. (rC-)
You float through the air rather than walking.
You learn spells naturally, not from books.
Your magical power is your life essence.
You have superior vitality. (+4 MHP)


Message History

Grinder blinks!
Grinder says, "Just stop there for a second..."
Grinder gestures at you.
You suddenly lose the ability to move!
Your crimson imp disappears in a puff of smoke!
Grinder blinks!
You can move again.
There is a stone staircase leading up here.
You start resting.
Grinder is nearby!
Casting: Slow (safe; 2% risk of failure)
Confirm with . or Enter, or press ? or * to list all spells.
You don't know that spell.
Casting: Slow (safe; 2% risk of failure)
Confirm with . or Enter, or press ? or * to list all spells.
Aiming: Shock (safe; 2% risk of failure)
Press: ? - help, Shift-Dir - straight line, f/p - Grinder
Aim: Grinder (lightly wounded, 68% to hit)
The zap hits Grinder.
Grinder is lightly wounded.
Casting: Shock (safe; 2% risk of failure)
Confirm with . or Enter, or press ? or * to list all spells.
A metallic apparition takes form in the air.
Casting: Call Imp (safe; 4% risk of failure)
Confirm with . or Enter, or press ? or * to list all spells.
The fire begins to smoulder!
Grinder gestures at you.
You struggle to resist.
The fire ignites!
Grinder blinks!
Your iron imp barely misses Grinder.
Casting: Conjure Flame (dangerous; 9% risk of failure)
Confirm with . or Enter, or press ? or * to list all spells.
Okay, then.
Grinder gestures at you.
You suddenly lose the ability to move!
Your iron imp hits Grinder.
Grinder gestures at you. Pain shoots through your body!
Your iron imp closely misses Grinder.
Grinder hits you!
* * * LOW HITPOINT WARNING * * *
You writhe in agony.
You die...

#...........#
##........§.## #####
...#####.###.# ....#
##..# #...##.# ###..
##..##...##.# ..##
#..#...#..# #..#
#.##.....#.##
##.######..###...#.#
#.....###..##.5@#.#
#####...##.##.5§#.#
# ###........##.# #
###......##.#
####### #......##.#
......####><....#..#
#####......####...##
##........##..###
#.............##


You could see Grinder (ally target) and a friendly iron imp (summoned).

Vanquished Creatures
  Ijyb (D:3)
  An iguana (D:4)
  A hound skeleton (D:4)
  3 gnolls (D:4)
  An adder (D:3)
  An adder skeleton (D:4)
  3 dart slugs
  An orc (D:3)
  7 ball pythons
  5 endoplasms
  2 giant cockroaches
  5 goblins
  9 hobgoblins
  7 jackals
  3 quokkas
  A frilled lizard (D:1)
  4 kobolds
  5 rats
60 creatures vanquished.

Vanquished Creatures (collateral kills)
  A scorpion (D:3)
  A gnoll shaman (D:4)
  2 gnolls (D:4)
  2 adders
  An endoplasm (D:2)
  A giant cockroach (D:3)
  2 hobgoblins (D:2)
  A jackal (D:3)
  A quokka (D:3)
  A kobold (D:2)
13 creatures vanquished.

Grand Total: 73 creatures vanquished

Notes
Turn   | Place    | Note
-------+----------+-------------------------------------------
     0 | D:1      | a3don the Djinni Hedge Wizard began the quest for the Orb.
     0 | D:1      | Reached XP level 1. HP: 15/15 MP: 0/0
   495 | D:1      | Reached skill level 1 in Fighting
   495 | D:1      | Reached XP level 2. HP: 14/22 MP: 0/0
   748 | D:1      | Found a faded altar of an unknown god.
  1140 | D:1      | Reached XP level 3. HP: 20/27 MP: 0/0
  1140 | D:1      | Learned a level 1 spell: Shock
  2801 | D:2      | Reached XP level 4. HP: 24/33 MP: 0/0
  3913 | D:3      | Found an iron altar of Okawaru.
  4302 | D:3      | Noticed Ijyb
  4423 | D:3      | Found an opulent altar of Gozag.
  4423 | D:3      | Found a snail-covered altar of Cheibriados.
  4424 | D:3      | Found a shadowy altar of Dithmenos.
  4510 | D:3      | Noticed a scorpion
  4535 | D:3      | Killed a scorpion
  4536 | D:3      | Reached XP level 5. HP: 17/40 MP: 0/0
  4536 | D:3      | Learned a level 2 spell: Static Discharge
  5183 | D:3      | Killed Ijyb
  5722 | D:4      | Reached XP level 6. HP: 41/46 MP: 0/0
  6161 | D:4      | Found a staircase to the Ecumenical Temple.
  6450 | D:4      | Found a glowing golden altar of the Shining One.
  6515 | D:4      | Noticed Grinder
  6543 | D:4      | Paralysed by Grinder for 4 turns
  6572 | D:4      | Paralysed by Grinder for 6 turns
  6574 | D:4      | Slain by Grinder

Illustrated notes

Levels and vault maps discovered:
D:1:      matt_arrival_refuge, layout_loops_ring, ebering_ecumenical_altar_box
D:2:      layout_loops_corners
D:3:      layout_basic, lemuel_doored_altar, gammafunk_temple_overflow_claw,
          grunt_decor_mini_mirrors, uniq_ijyb
D:4:      layout_rooms, gammafunk_temple_overflow_statue,
          minmay_temple_entry_statues_fountains, uniq_grinder

Skill      XL: |  1  2  3  4  5  6 |
---------------+-------------------+-----
Fighting       | 1 2 3 4 |  4.2
Spellcasting   | 3 4 |  4.1
Dodging        | |  2.1
Stealth        | |  1.5

Action                   |  1- 3 |  4- 6 || total
-------------------------+-------+-------++-------
Melee: Dagger            |       |    39 ||    39
       Punch             |       |     1 ||     1
       Unarmed           |       |     8 ||     8
 Cast: Magic Dart        |    82 |    79 ||   161
       Call Imp          |     4 |    14 ||    18
       Mephitic Cloud    |     1 |     8 ||     9
       Slow              |       |     5 ||     5
       Static Discharge  |       |     2 ||     2
       Conjure Flame     |       |     1 ||     1
       Shock             |       |     1 ||     1
 Stab: Confused          |       |     6 ||     6
       Sleeping          |       |     1 ||     1
Armor: Robe              |     4 |     6 ||    10
       Skin              |       |     1 ||     1
Dodge: Dodged            |    13 |    38 ||    51
